 Dungeon Crawl Stone Soup version 0.26-a0-598-g61e6210cf4 (webtiles) character file.

Game seed: 11214634384832953427

29350 Hores the Geomancer (level 13, -4/78 HPs)
             Began as a Gargoyle Earth Elementalist on Aug 28, 2020.
             Was an Elder of Vehumet.
             Slain by Rupert
             ... wielding a +0 vorpal battleaxe
              (12 damage)
             ... on level 14 of the Dungeon.
             The game lasted 00:39:42 (18517 turns).

Hores the Geomancer (Gargoyle Earth Elementalist)  Turns: 18517, Time: 00:39:43

Health: -4/78      AC: 23    Str: 12    XL:     13   Next: 44%
Magic:  26/26      EV: 14    Int: 21    God:    Vehumet [****..]
Gold:   934        SH:  0    Dex: 10    Spells: 21/30 levels left

rFire    + . .     SeeInvis .   K - +3 eveningstar (drain)
rCold    . . .     Faith    .   (no shield)
rNeg     + + .     Spirit   .   n - +2 leather armour {rF+}
rPois    ∞         Reflect  .   f - +1 helmet (curse)
rElec    +         Harm     .   m - +2 cloak
rCorr    .                      (no gloves)
MR       .....                  v - +1 pair of boots
Stlth    ++........             A - amulet of the acrobat
HPRegen  0.23/turn              d - ring of positive energy
MPRegen  0.20/turn              (no ring)

@: mighty
A: negative energy resistance 1, electricity resistance, unbreathing,
petrification resistance, rot immunity, AC +9
a: Renounce Religion


You were on level 14 of the Dungeon.
You worshipped Vehumet.
Vehumet was greatly pleased with you.
You visited 2 branches of the dungeon, and saw 15 of its levels.

You collected 1917 gold pieces.
You spent 983 gold pieces at shops.

Inventory:

Hand Weapons
 w - a +2 dagger of electrocution
 y - a +3 morningstar of freezing
 K - a +3 eveningstar of draining (weapon)
Missiles
 b - 124 stones (quivered)
Armour
 c - a +0 robe
 f - a cursed +1 helmet (worn)
 m - a +2 cloak (worn)
 n - a +2 leather armour of fire resistance (worn)
 v - a +1 pair of boots (worn)
 H - a +2 robe of cold resistance
 J - a +0 troll leather armour
Magical Staves
 j - an uncursed staff of cold
Jewellery
 d - a ring of positive energy (left hand)
 A - an amulet of the acrobat (around neck)
 B - an uncursed amulet of regeneration
Wands
 e - a wand of flame (45)
 k - a wand of enslavement (13)
 E - a wand of iceblast (6)
 G - a wand of polymorph (17)
 I - a wand of paralysis (2)
 N - a wand of digging (6)
 O - a wand of disintegration (8)
 P - a wand of acid (5)
Scrolls
 h - 8 scrolls of identify
 l - 3 scrolls of magic mapping
 p - a scroll of fog
 u - 7 scrolls of teleportation
 x - 7 scrolls of remove curse
 D - 2 scrolls of amnesia
 M - 2 scrolls of blinking
Potions
 a - 4 potions of heal wounds
 g - a potion of haste
 i - a potion of cancellation
 o - 5 potions of stabbing
 q - a potion of berserk rage
 r - 2 potions of lignification
 t - 5 potions of curing
 z - 2 potions of invisibility
 L - a potion of brilliance
Miscellaneous
 F - a lightning rod (4/4)


   Skills:
 + Level 7.8 Fighting
 + Level 7.1 Maces & Flails
 - Level 6.0 Armour
 + Level 6.2 Dodging
 - Level 2.1 Stealth
 + Level 9.3 Spellcasting
 + Level 10.4 Conjurations
   Level 0.7 Transmutations
 + Level 12.2 Earth Magic
 - Level 6.0 Evocations


You had 21 spell levels left.
You knew the following spells:

 Your Spells              Type           Power        Failure   Level
a - Sandblast             Erth           ######       1%          1
b - Stone Arrow           Conj/Erth      ######       1%          3
c - Lee's Rapid Deconstr  Erth           ######....   1%          5

Your spell library contained the following spells:

 Spells                   Type           Power        Failure   Level
 Fulminant Prism          Conj/Hex       ####......   2%          4
 Passwall                 Tmut/Erth      #####...     1%          2
 Petrify                  Tmut/Erth      #####...     6%          4
 Yara's Violent Unravell  Hex/Tmut       ##........   45%         5
 Cause Fear               Hex            #.........   63%         4
 Silence                  Hex/Air        #.........   93%         5
 Discord                  Hex            #.........   100%        8


Dungeon Overview and Level Annotations

Branches:
Dungeon (14/15)            Temple (1/1) D:4            Lair (0/6) D:10
    Orc (0/2) D:11
 Vaults: D:13-14

Altars:
Fedhas
Kikubaaqudgha
Makhleb
Nemelex Xobeh
Qazlal
Ru
Sif Muna
Uskayaw
Vehumet
Wu Jian
Xom
Yredelemnul
The Shining One

Shops:
D:8 !   D:12 ?   D:14 :

Annotations:
D:6 1 runed translucent door, THICCCLAPPER's ghost, novice GrCj
D:12 1 runed translucent door
D:14 Rupert


Innate Abilities, Weirdness & Mutations

You are resistant to torment.
Your stone body is resilient. (AC +9)
You are immune to poison.
You resist negative energy. (rN+)
You are resistant to electric shocks. (rElec)
You can survive without breathing.
You are immune to petrification.
You are immune to rotting.


Message History

You are confused.
You feel better.
You feel very mighty all of a sudden.
Rupert roars madly and goes into a rage!
Rupert goes berserk!
Rupert misses you.
You puncture Rupert! You drain Rupert.
Rupert is lightly wounded.
Rupert hits you with a +0 vorpal battleaxe.
You sock Rupert!
Rupert is lightly wounded.
Rupert closely misses you.
You completely miss Rupert.
Rupert is lightly wounded.
Rupert hits you with a +0 vorpal battleaxe! x2
You puncture Rupert!
Rupert is moderately wounded.
Rupert hits you with a +0 vorpal battleaxe!!
* * * LOW HITPOINT WARNING * * *
You die...

...y..# #...........
..<...# #...........
......# ####...........
####....................
......(.............
.#### #........... .#
#...∩....... #
#...@.......
#####..[@.......
.......)........
.......(........
#####..<(.......
#.)#######.. #.$ .. #..
#.. #..


You could see Rupert (berserk, drained).

Vanquished Creatures
  Jorgrun (D:12)
  Nessos (D:14)
  Josephine (D:11)
  Erolcha (D:11)
  A death knight (D:12)
  7 two-headed ogres
  A tengu warrior (D:13)
  The ghost of Zadkiel the Geomancer, a novice GrEE of Vehumet (D:9)
  4 skeletal warriors (D:13)
  2 unseen horrors (D:13)
  2 phantasmal warriors (D:12)
  A manticore (D:12)
  An ugly thing (D:13)
  2 cyclopes
  2 centaur zombies (D:11)
  Psyche (D:11)
  Joseph (D:7)
  A kobold demonologist (D:13)
  A freezing wraith (D:11)
  2 trolls
  2 tengu conjurers
  2 hornets
  7 hippogriffs
  2 shadows (D:12)
  5 wraiths
  A wyvern (D:11)
  6 yaks (D:11)
  2 vampire mosquitoes (D:13)
  Menkaure (D:7)
  Edmund (D:4)
  An acid dragon (D:13)
  A soldier ant (D:13)
  A water moccasin (D:9)
  8 orc warriors
  4 sky beasts
  3 ice beasts
  4 phantoms
  A black bear (D:8)
  6 ogres
  8 centaurs
  8 bullfrogs
  2 scorpions
  6 killer bees (D:10)
  7 wights
  4 hounds
  A jelly (D:10)
  2 bullfrog zombies (D:12)
  2 centaur skeletons
  5 orc priests
  5 bullfrog skeletons
  5 worker ants
  An iguana (D:5)
  Natasha (thrice) (D:2)
  19 orc wizards
  A hound zombie (D:8)
  A hound skeleton (D:11)
  A worker ant zombie (D:10)
  15 adders
  10 gnolls
  A howler monkey skeleton (D:6)
  A shadow imp (D:9)
  3 white imps
  2 worms
  A dart slug (D:3)
  4 leopard geckos
  50 orcs
  A ball python (D:4)
  7 bats
  4 giant cockroaches
  10 goblins
  7 hobgoblins
  13 jackals
  2 quokkas (D:8)
  4 frilled lizards
  7 kobolds
  A leopard gecko skeleton (D:4)
  A quokka zombie (D:6)
  13 rats
330 creatures vanquished.

Notes
Turn   | Place    | Note
-------+----------+-------------------------------------------
     0 | D:1      | Hores the Gargoyle Earth Elementalist began the quest for
                  | the Orb.
     0 | D:1      | Reached XP level 1. HP: 10/10 MP: 3/3
   494 | D:1      | Reached skill level 4 in Earth Magic
   494 | D:1      | Reached XP level 2. HP: 15/15 MP: 5/5
  1195 | D:2      | Reached XP level 3. HP: 19/19 MP: 6/6
  1200 | D:2      | Learned a level 3 spell: Stone Arrow
  1377 | D:2      | Noticed Natasha
  1384 | D:2      | Killed Natasha
  1384 | D:2      | Reached skill level 1 in Conjurations
  1398 | D:2      | Noticed Natasha
  1412 | D:2      | Killed Natasha
  1412 | D:2      | Reached XP level 4. HP: 9/24 MP: 3/8
  1962 | D:2      | Found a faded altar of an unknown god.
  2398 | D:2      | Noticed Natasha
  2448 | D:2      | Killed Natasha
  2448 | D:2      | Reached skill level 5 in Earth Magic
  2448 | D:2      | Reached XP level 5. HP: 9/28 MP: 4/10
  2696 | D:2      | Learned a level 5 spell: Lee's Rapid Deconstruction
  3460 | D:3      | Reached XP level 6. HP: 31/32 MP: 11/11
  4147 | D:4      | Reached skill level 6 in Earth Magic
  4222 | D:4      | Noticed Edmund
  4276 | D:4      | Reached XP level 7. HP: 32/36 MP: 9/13
  4332 | D:4      | Killed Edmund
  4840 | D:4      | You fall into a shaft and drop 2 floors!
  4849 | D:6      | Reached skill level 7 in Earth Magic
  5140 | D:6      | Reached skill level 5 in Spellcasting
  5140 | D:6      | Reached skill level 5 in Conjurations
  5266 | D:6      | Found a runed translucent door.
  5284 | D:6      | Reached XP level 8. HP: 25/41 MP: 15/15
  5509 | D:5      | Entered Level 5 of the Dungeon
  5798 | D:4      | Found a staircase to the Ecumenical Temple.
  5804 | Temple   | Entered the Ecumenical Temple
  6007 | Temple   | Became a worshipper of Vehumet
  6467 | D:5      | Found an ancient bone altar of Kikubaaqudgha.
  6838 | D:6      | Reached skill level 8 in Earth Magic
  6993 | D:6      | Reached * piety under Vehumet
  6993 | D:6      | Offered knowledge of Foxfire by Vehumet.
  7104 | D:6      | Identified a scroll of acquirement
  7104 | D:6      | Acquired 880 gold pieces
  7301 | D:6      | Noticed THICCCLAPPER's ghost (novice GrCj)
  7327 | D:7      | Noticed Joseph
  7328 | D:7      | You fall into a shaft and drop 2 floors!
  7329 | D:9      | Noticed a hornet
  7401 | D:9      | Found a runed translucent door.
  7406 | D:9      | Noticed a hippogriff
  7411 | D:9      | Killed a hippogriff
  7411 | D:9      | Reached XP level 9. HP: 45/45 MP: 7/18
  7413 | D:9      | Noticed Zadkiel's ghost (novice GrEE)
  7593 | D:7      | Reached skill level 9 in Earth Magic
  7760 | D:7      | Noticed Menkaure
  7773 | D:7      | Killed Menkaure
  7813 | D:7      | Killed Joseph
  7813 | D:7      | Reached skill level 1 in Fighting
  7813 | D:7      | Reached skill level 1 in Maces & Flails
  7813 | D:7      | Reached skill level 1 in Armour
  7813 | D:7      | Reached skill level 1 in Evocations
  8163 | D:6      | Noticed a rust devil
  8163 | D:6      | Noticed a rust devil
  9102 | D:8      | Reached XP level 10. HP: 54/54 MP: 12/20
  9299 | D:8      | Found Nikutir's Distillery.
  9348 | D:8      | Bought a potion of heal wounds for 75 gold pieces
  9348 | D:8      | Bought a potion of invisibility for 120 gold pieces
  9348 | D:8      | Bought a potion of might for 60 gold pieces
 10075 | D:9      | Reached ** piety under Vehumet
 10075 | D:9      | Offered knowledge of Shock by Vehumet.
 10608 | D:9      | Noticed a two-headed ogre
 10635 | D:9      | Killed a two-headed ogre
 10746 | D:9      | Reached skill level 10 in Earth Magic
 10961 | D:9      | Noticed a two-headed ogre
 10966 | D:9      | Killed a two-headed ogre
 11126 | D:9      | Killed Zadkiel's ghost
 11126 | D:9      | Reached XP level 11. HP: 61/61 MP: 3/22
 11272 | D:10     | Entered Level 10 of the Dungeon
 11300 | D:10     | Found a staircase to the Lair.
 11543 | D:10     | Offered knowledge of Inner Flame by Vehumet.
 11719 | D:10     | Noticed a two-headed ogre
 11725 | D:10     | Killed a two-headed ogre
 12106 | D:11     | Noticed Psyche
 12120 | D:11     | Killed Psyche
 12274 | D:11     | Reached *** piety under Vehumet
 12344 | D:11     | Found a staircase to the Orcish Mines.
 12482 | D:11     | Noticed Erolcha
 12486 | D:11     | Killed Erolcha
 12486 | D:11     | Reached skill level 5 in Fighting
 12486 | D:11     | Reached skill level 5 in Armour
 12513 | D:11     | Noticed a two-headed ogre
 12521 | D:11     | Killed a two-headed ogre
 13029 | D:11     | Noticed Josephine
 13038 | D:11     | Killed Josephine
 13038 | D:11     | Reached skill level 5 in Maces & Flails
 13116 | D:11     | Offered knowledge of Conjure Flame by Vehumet.
 13133 | D:11     | Reached XP level 12. HP: 23/68 MP: 3/24
 13657 | D:12     | Noticed a death knight
 13707 | D:12     | Noticed a two-headed ogre
 13912 | D:11     | Reached skill level 11 in Earth Magic
 13913 | D:11     | Killed a two-headed ogre
 14009 | D:12     | Found Dunupn's Magic Scroll Shop.
 14030 | D:12     | Bought a scroll of acquirement for 728 gold pieces
 14030 | D:12     | Acquired a +2 eveningstar of draining
 14050 | D:12     | Reached skill level 5 in Evocations
 14478 | D:12     | Reached **** piety under Vehumet
 14478 | D:12     | Reached skill level 5 in Dodging
 14489 | D:12     | Noticed Jorgrun
 14499 | D:12     | Killed Jorgrun
 14510 | D:12     | Offered knowledge of Fulminant Prism by Vehumet.
 15429 | D:12     | Found a glowing golden altar of the Shining One.
 15429 | D:12     | Noticed an angel
 15430 | D:12     | Found a runed translucent door.
 15505 | D:12     | Killed a death knight
 16716 | D:13     | Reached skill level 10 in Conjurations
 16716 | D:13     | Reached XP level 13. HP: 76/76 MP: 7/26
 17173 | D:13     | Reached skill level 12 in Earth Magic
 17413 | D:14     | Noticed Rupert
 17710 | D:14     | Found Kowodeit's Book Shoppe.
 17716 | D:14     | Noticed Nessos
 18268 | D:14     | Killed Nessos
 18517 | D:14     | Slain by Rupert

Illustrated notes

Levels and vault maps discovered:
D:1:      dpeg_arrival_shrine, layout_loops_ring, nrook_mini_vaults,
          minmay_misc_feat_alley
D:2:      layout_basic, chequers_ecumenical_altar_island,
          chequers_decorated_corner, kennysheep_potato, uniq_natasha
D:3:      layout_basic, st_stairs_9
D:4:      layout_rooms, minmay_temple_entry_nine_rooms, hex_intersection,
          uniq_edmund
D:5:      layout_loops_ring, overflow_temple_1_default
D:6:      cheibrodos_iron_armory, layout_loops_ring,
          ebering_ghost_reflecting_pool
D:7:      layout_basic, uniq_menkaure, uniq_joseph
D:8:      layout_layer_cave, serial_shops, nicolae_shop_trees
D:9:      layout_stronghold, ebering_ghost_reflecting_pool
D:10:     layout_stronghold, dpeg_oklobed_lair
D:11:     layout_small_grid, david_orc_3, uniq_erolcha, uniq_josephine,
          uniq_psyche
D:12:     layout_cave_pools, serial_shops, shop, lemuel_angel_altar,
          uniq_jorgrun
D:13:     layout_basic
D:14:     layout_small_grid, grunt_vaults_entry_fortified,
          hangedman_decor_lopped, serial_shops, shop, uniq_snorg, uniq_nessos,
          uniq_rupert
Temple:   kilobyte_greek_temple

Skill      XL: |  1  2  3  4  5  6  7  8  9 10 11 12 13 |
---------------+----------------------------------------+-----
Earth Magic    | 4 5 6 7 8 9 10 11 12 | 12.2
Conjurations   | 1 2 4 5 6 7 8 9 10 | 10.4
Spellcasting   | 3 4 5 6 7 8 9 |  9.3
Fighting       | 2 4 5 6 7 |  7.8
Maces & Flails | 2 4 5 6 7 |  7.1
Armour         | 2 4 5 6 |  6.0
Dodging        | 2 3 4 5 6 |  6.2
Evocations     | 2 3 4 5 6 |  6.0
Stealth        | |  2.1
Transmutations | |  0.7

Action                   |  1- 3 |  4- 6 |  7- 9 | 10-12 | 13-15 || total
-------------------------+-------+-------+-------+-------+-------++-------
Melee: Unarmed           |    19 |       |       |       |       ||    19
       Short sword       |    71 |       |       |       |       ||    71
       Dagger            |    17 |   272 |   386 |   441 |       ||  1116
       Eveningstar       |       |       |       |    57 |    76 ||   133
 Cast: Sandblast         |    15 |    27 |    52 |    36 |     1 ||   131
       Stone Arrow       |       |     1 |    12 |    77 |    21 ||   111
       Lee's Rapid Decon |       |       |     2 |    39 |     8 ||    49
Evoke: Wand              |       |       |     4 |     9 |     2 ||    15
       Lightning rod     |       |       |       |     4 |       ||     4
  Use: Scroll            |     5 |     9 |     7 |    10 |     2 ||    33
       Potion            |       |     2 |       |     2 |     2 ||     6
 Stab: Sleeping          |     4 |     3 |     4 |     1 |     1 ||    13
Armor: Robe              |    28 |   146 |   196 |    94 |       ||   464
       Leather armour    |       |       |       |   227 |    97 ||   324
Dodge: Dodged            |    67 |   226 |   238 |   445 |   140 ||  1116

Table legend: (Time is in decaauts)
 A = Elapsed time spent in this place.
 B = Non-inter-level travel time spent in this place.
 C = Inter-level travel time spent in this place.
 D = Time resting spent in this place.
 E = Time spent auto-exploring this place.
 F = Levels seen in this place.
 G = Mean time per level.
                   A        B        C        D        E       F      G
               +--------+--------+--------+--------+--------+-----+--------+
         Total |  18549 |  17915 |    634 |   5165 |   9155 |  15 | 1236.6 |
       Dungeon |  18474 |  17871 |    603 |   5165 |   9118 |  14 | 1319.6 |
        Temple |     75 |     44 |     31 |      0 |     37 |   1 |   75.0 |
               +--------+--------+--------+--------+--------+-----+--------+

Top non-repeatable levels by time:
    D:13: 2665 daAuts
    D:11: 2357 daAuts
     D:2: 1757 daAuts
     D:9: 1617 daAuts
     D:8: 1537 daAuts
    D:12: 1410 daAuts
     D:3: 1393 daAuts
     D:4: 1198 daAuts
     D:6: 1191 daAuts
     D:1: 973 daAuts
     D:7: 774 daAuts
    D:10: 763 daAuts
     D:5: 749 daAuts
    D:14: 82 daAuts
  Temple: 75 daAuts
